 Dungeon Crawl Stone Soup version 0.30.0-29-ga12c61a403 (webtiles) character file.

Game seed: 4468038159756220859

90 KamiKatze the Shield-Bearer (level 4, -4/24 HPs)
             Began as a Vine Stalker Fighter on June 4, 2023.
             Killed by nerve-wracking pain
             ... invoked by an orc priest
              (7 damage)
             ... on level 3 of the Dungeon.
             The game lasted 00:04:25 (1351 turns).

KamiKatze the Shield-Bearer (Vine Stalker Fighter)  Turns: 1351, Time: 00:04:27

Health: -4/24      AC:  7    Str: 20    XL:     4   Next: 56%
Magic:  0/5        EV:  9    Int:  8    God:
Gold:   146        SH:  5    Dex: 14    Spells: 3/3 levels left

rFire   . . .        a - +0 war axe
rCold   . . .        c - +0 buckler
rNeg    . . .        b - +0 scale mail
rPois   .            (no helmet)
rElec   .            (no cloak)
rCorr   .            m - +0 pair of gloves
SInv    .            (no boots)
Will    .....        (no amulet) Stlth
                     (no ring)
HPRegen 1.04/turn    (no ring)
MPRegen 0.09/turn

%: guardian spirit
@: no status effects
A: fangs 2, regeneration 1, magic shield, antimagic bite, no potion heal 2
a: no special abilities


You were on level 3 of the Dungeon.
You visited 1 branch of the dungeon, and saw 3 of its levels.

You collected 146 gold pieces.

Inventory:

Hand Weapons
 a - a +0 war axe (weapon)
Missiles
 l - 2 poisoned darts (quivered)
Armour
 b - a +0 scale mail (worn)
 c - a +0 buckler (worn)
 m - a +0 pair of gloves (worn)
Scrolls
 g - 4 scrolls of identify {unknown}
 i - a scroll of vulnerability {unknown}
 j - a scroll of fear {unknown}
 k - a scroll of blinking {unknown}
 n - a scroll of teleportation {unknown}
Potions
 d - a potion of might
 e - a potion of invisibility {unknown}
 f - a potion of flight {unknown}
 h - 3 potions of curing {unknown}


   Skills:
 + Level 3.1 Fighting
 * Level 2.9 Axes
 - Level 2.4 Armour
 + Level 1.2 Dodging
 + Level 3.2 Shields


You had 3 spell levels left.
You didn't know any spells.
Your spell library contained the following spells:

 Spells                   Type           Power      Damage    Failure   Level
 Volatile Blastmotes      Fire/Tloc      0%         2d10      99%         3
 Fulminant Prism          Conj/Hex       0%         3d5       100%        4
 Iskenderun's Mystic Bla  Conj/Tloc      0%         2d3       100%        4
 Lee's Rapid Deconstruct  Erth           0%         3d4*      100%        5


Dungeon Overview and Level Annotations

Branches:
Dungeon (3/15)

Altars:


Innate Abilities, Weirdness & Mutations

You have extremely sharp teeth.
Your natural rate of healing is unusually fast.
When hurt, damage is shared between your health and your magic reserves.
Your bite disrupts and absorbs the magic of your enemies.
Potions cannot restore your health.


Message History

The orc shouts! x2
The orc priest mumbles some strange prayers to Beogh against you.
Beogh smites you!
You barely miss the orc priest. You bite the orc priest. You drain its power.
You feel invigorated.
The orc priest is heavily wounded.
The orc priest calls upon Beogh to heal the orc priest.
The orc priest is healed somewhat.
You barely miss the orc priest.
The orc priest is lightly wounded.
The orc priest barely misses you.
The orc priest invokes the aid of Beogh against you.
Beogh smites you!
* * * LOW HITPOINT WARNING * * *
The orc priest hits you with a +0 club.
* * * LOW HITPOINT WARNING * * *
You hit the orc priest. Your bite misses the orc priest.
The orc priest is moderately wounded.
You hit the orc but do no damage. You hit the orc priest.
The orc hits you from afar with a +0 trident.
* * * LOW HITPOINT WARNING * * *
You block the orc priest's attack. The orc hits you with a +0 falchion!
* * * LOW HITPOINT WARNING * * *
The orc priest barely misses you.
You barely miss the orc priest. You bite the orc priest. You drain its power.
You feel invigorated.
The orc priest is severely wounded.
You barely miss the orc.
You hit the orc priest but do no damage.
The orc priest completely misses you. The orc hits you but does no damage.
The orc priest hits you with a +0 club.
* * * LOW HITPOINT WARNING * * *
The orc completely misses you.
You closely miss the orc priest.
The orc priest is severely wounded.
You hit the orc priest but do no damage.
You hit the orc.
The orc priest calls down the wrath of Beogh upon you.
Pain shoots through your body!
You die...

###.###
#..... #
#.....
#.####....
......#.###
.........#
####.#ooo..#
.......o@..#
.....#.#.<##
... ...#.##
. .....#..
......J#.##
.....#.#>.
######.#..
#>###


You could see 2 orc priests and 2 orcs.

Vanquished Creatures
  A howler monkey (D:2)
  A worm (D:2)
  A dart slug (D:1)
  An orc (D:2)
  4 bats
  5 endoplasms
  2 goblins (D:1)
  3 hobgoblins
  8 jackals (D:1)
  A quokka (D:1)
  A ball python (D:1)
  3 frilled lizards
  6 kobolds
  5 rats
42 creatures vanquished.

Notes
Turn   | Place    | Note
-------+----------+-------------------------------------------
     0 | D:1      | KamiKatze the Vine Stalker Fighter began the quest for the
                  | Orb.
     0 | D:1      | Reached XP level 1. HP: 11/11 MP: 2/2
   148 | D:1      | Reached XP level 2. HP: 16/16 MP: 3/3
   316 | D:1      | Reached XP level 3. HP: 19/19 MP: 2/4
   999 | D:2      | Reached skill level 1 in Dodging
  1092 | D:2      | Gained mutation: Your natural rate of healing is unusually
                  | fast. [Vine Stalker growth]
  1092 | D:2      | Reached XP level 4. HP: 19/24 MP: 5/5
  1349 | D:3      | HP: 1/24 [orc/+0 falchion (5)]
  1351 | D:3      | Killed from afar by an orc priest

Illustrated notes

Levels and vault maps discovered:
D:1:      erik_arrival_orb_chamber, layout_loops_ring
D:2:      layout_loops_ring, hangedman_decor_clover_reticule
D:3:      layout_basic, ebering_ghost_sewer_f, minmay_goblin_outpost,
          uniq_natasha, uniq_sigmund, uniq_robin, uniq_ijyb

Skill      XL: |  1  2  3 |
---------------+----------+-----
Axes           | 2 |  2.9
Fighting       | 3 |  3.1
Shields        | 3 |  3.2
Dodging        | 1 |  1.2
Armour         | |  2.4

Action                     |  1- 3 |  4- 6 || total
---------------------------+-------+-------++-------
  Melee: War axe           |    91 |    15 ||   106
         Bite              |    21 |     3 ||    24
 Armour: Scale mail        |    30 |     4 ||    34
  Dodge: Dodged            |    43 |    10 ||    53
  Block: Buckler           |    15 |     2 ||    17
